Map: Catalyseur EC

Players

zuka - Winner!

  • Race: Protoss Protoss
  • League: Grandmaster
  • Spawn Location: 5:00

PengWin

  • Race: Zerg Zerg
  • League: Grandmaster
  • Spawn Location: 11:00

VOD

Have the link to the VOD?

Description

Time

  • Played on: Jan. 31, 2018, 4:58 p.m.
  • Length: 8:05
Show
View Real Time Build Order
Export as new Build Order

zuka Protoss - Winner!

Build Orders: 1 Gate Expand 

Get SALT Encoding   

  12  0:00  Probe  
  13  0:13  Probe  
  14  0:18  Pylon  
  14  0:25  Probe (Chrono Boost)  
  15  0:36  Probe (Chrono Boost)  
  15  0:41  Gateway  
  16  0:44  Probe  
  17  0:50  Assimilator  
  17  0:56  Probe (Chrono Boost)  
  18  1:01  Pylon  
  18  1:08  Probe (Chrono Boost)  
  19  1:15  Probe (Chrono Boost)  
  20  1:29  Nexus  
  20  1:39  Cybernetics Core  
  20  1:42  Probe  
  21  1:47  Assimilator  
  21  1:54  Probe  
  21  1:57  Pylon  
  22  2:06  Probe  
  23  2:16  Warp Gate, Adept  
  23  2:18  Probe (Chrono Boost)  
  26  2:27  Twilight Council  
  26  2:28  Probe (Chrono Boost)  
  27  2:33  Probe (Chrono Boost)  
  28  2:43  Probe (Chrono Boost), Sentry  
  31  2:48  Probe (Chrono Boost)  
  32  2:55  Probe (Chrono Boost)  
  34  3:00  Probe (Chrono Boost)  
  34  3:01  Probe (Chrono Boost), Robotics Facility  
  35  3:09  Probe  
  35  3:10  Adept (Chrono Boost)  
  35  3:11  Probe  
  39  3:21  Probe  
  39  3:22  Shield Battery  
  38  3:29  Gateway  
  38  3:33  Adept (Chrono Boost)  
  40  3:39  Pylon  
  40  3:45  Shield Battery  
  40  3:46  Pylon  
  40  3:49  Probe x2  
  40  3:50  Warp Prism (Chrono Boost)  
  44  4:00  Resonating Glaives  
  44  4:04  Gateway  
  44  4:05  Gateway  
  44  4:16  Immortal (Chrono Boost)  
  48  4:26  Gateway  
  48  4:28  Gateway  
  48  4:34  Sentry  
  50  4:46  Gateway  
  50  4:49  Immortal  
  54  4:58  Dark Shrine  
  54  5:01  Pylon  
  54  5:03  Adept  
  54  5:04  Adept  
  58  5:07  Gateway  
  58  5:19  Gateway, Sentry  
  60  5:24  Adept x3  
  60  5:25  Adept  
  68  5:30  Pylon  
  68  5:36  Pylon  
  68  5:49  Adept x4  
  76  5:50  Adept  
  74  6:11  Adept x5  
  76  6:12  Adept  
  86  6:20  Pylon  
  86  6:38  Adept x3  
  86  6:39  Adept x4  
  52  6:59  Adept x3  
  52  7:00  Adept  
  52  7:01  Zealot  
  58  7:11  Zealot x2  
  60  7:21  Adept x4  
  62  7:30  Zealot  
  62  7:34  Adept x2  
  56  7:42  Adept  
  56  7:43  Adept x2  
  58  7:56  Adept  
  58  7:57  Adept x3  
Show
View Real Time Build Order
Export as new Build Order

PengWin Zerg 

Build Orders: Hatch First 

Get SALT Encoding   

  12  0:00  Drone  
  13  0:12  Overlord  
  13  0:18  Drone  
  14  0:31  Drone x2  
  16  0:48  Hatchery  
  15  0:52  Drone  
  15  0:56  Drone  
  17  1:01  Extractor, Drone  
  17  1:16  Spawning Pool  
  16  1:23  Drone x2  
  18  1:31  Drone  
  19  1:39  Drone  
  20  1:54  Hatchery  
  19  2:02  Metabolic Boost  
  19  2:10  Queen  
  19  2:13  Drone  
  22  2:16  Drone  
  22  2:19  Drone  
  22  2:22  Drone  
  25  2:24  Drone  
  26  2:31  Overlord  
  26  2:37  Queen  
  28  2:50  Zergling x8  
  28  2:51  Zergling x2  
  33  2:53  Zergling x2  
  34  3:04  Overlord  
  34  3:08  Queen  
  34  3:09  Queen  
  38  3:18  Drone  
  38  3:19  Drone x3  
  42  3:27  Overlord  
  42  3:31  Drone  
  42  3:32  Drone x2  
  44  3:46  Queen  
  45  3:50  Evolution Chamber  
  45  3:52  Drone x5  
  45  3:53  Drone x2  
  51  4:00  Extractor  
  51  4:01  Baneling Nest  
  48  4:03  Queen  
  48  4:09  Overlord  
  50  4:12  Overlord  
  50  4:17  Overlord  
  50  4:32  Zergling x6  
  50  4:33  Zergling x14  
  50  4:34  Drone x2  
  50  4:38  Pneumatized Carapace  
  62  4:47  Queen  
  62  4:49  Overlord  
  64  5:05  Drone x4  
  64  5:06  Drone x5  
  73  5:08  Zerg Melee Weapons Level 1  
  73  5:33  Extractor  
  73  5:34  Lair  
  72  5:36  Drone  
  72  5:37  Extractor  
  72  5:46  Zergling x2  
  72  5:47  Zergling x2  
  72  5:48  Overlord x4  
  72  6:00  Zergling x4  
  74  6:09  Baneling x2  
  74  6:10  Baneling  
  73  6:12  Baneling x7  
  73  6:13  Zergling x36  
  73  6:14  Zergling x2  
  91  6:19  Baneling x4  
  78  6:43  Zergling x12  
  78  6:51  Zergling x2  
  78  6:52  Zergling x2  
  68  6:58  Zergling x2  
  65  7:12  Zergling x2  
  65  7:13  Zergling x4  
  65  7:14  Queen  
  65  7:15  Baneling x6  
  66  7:18  Zergling x2  
  62  7:35  Zergling x6  
  55  7:42  Zergling x2  
  55  7:43  Zergling x2  
Tags
 
Add a new tag
Caveats
  • Supply blocks, unpowered buildings, or Contaminate may cause inaccurate times.
  • Supply counts are checked every 10 seconds.